 Dungeon Crawl Stone Soup version 0.30-a0-377-g5cb311bc9f (webtiles) character file.

Game seed: 16671465415661829366

67 qeuew the Shield-Bearer (level 4, -1/37 HPs)
             Began as a Formicid Fighter on Nov 30, 2022.
             Slain by a gnoll
             ... wielding a +0 spear
              (5 damage)
             ... on level 2 of the Dungeon.
             The game lasted 00:03:15 (1217 turns).

qeuew the Shield-Bearer (Formicid Fighter)          Turns: 1217, Time: 00:03:15

Health: -1/37      AC:  7    Str: 22    XL:     4   Next: 38%
Magic:  4/4        EV: 10    Int:  8    God:
Gold:   92         SH:  5    Dex: 13    Spells: 3/3 levels left

rFire   . . .      SeeInvis +    a - +0 war axe
rCold   . . .      Faith    .    c - +0 buckler
rNeg    . . .      Spirit   .    b - +0 scale mail
rPois   .          Reflect  .    (helmet unavailable)
rElec   .          Harm     .    (no cloak)
rCorr   .          Rampage  .    (no gloves)
Will    .....                    (no boots)
Stlth   ..........               (no amulet)
HPRegen 0.26/turn                (no ring)
MPRegen 0.09/turn                (no ring)

@: mighty
A: permanent stasis, dig shafts and tunnels, antennae 3, four strong arms
a: Dig, Shaft Self


You were on level 2 of the Dungeon.
You visited 1 branch of the dungeon, and saw 2 of its levels.

You collected 92 gold pieces.

Inventory:

Hand Weapons
 a - a +0 war axe (weapon)
Armour
 b - a +0 scale mail (worn)
 c - a +0 buckler (worn)
Wands
 e - a wand of acid (6)
Scrolls
 f - a scroll of identify {unknown}
 i - a scroll of vulnerability {unknown}
Potions
 d - 3 potions of might
 g - a potion of curing
 h - a potion of heal wounds {unknown}


   Skills:
 + Level 3.7 Fighting
 + Level 2.5 Axes
 + Level 3.8 Armour
 + Level 1.2 Dodging
 + Level 4.6 Shields


You had 3 spell levels left.
You didn't know any spells.
Your spell library was empty.

Dungeon Overview and Level Annotations

Branches:
Dungeon (2/15)

Altars:

Shops:
D:1 *

Annotations:
D:2 Robin, Sigmund


Innate Abilities, Weirdness & Mutations

You cannot be hasted, slowed, berserked, paralysed or teleported.
You can dig through walls and to a lower floor.
You have a pair of large antennae on your head. (SInv)
Your four strong arms can wield two-handed weapons with a shield.


Message History

You are too injured to fight recklessly!
You are too injured to fight recklessly!
You are too injured to fight recklessly!
You are too injured to fight recklessly!
Unknown command.
You feel very mighty all of a sudden.
The hobgoblin no longer looks unusually strong.
The goblin closely misses you. The goblin hits you but does no damage.
You barely miss the goblin. x2; The goblin hits you with a +0 club.
A gnoll comes into view. It is wielding a +0 club.
Unknown command.
The gnoll shouts!
You slash the goblin!
You kill the goblin!
You closely miss the goblin. The goblin closely misses you.
Unknown command.
You barely miss the goblin.
The goblin no longer looks unusually strong.
The goblin hits you with a +0 dagger.
* * * LOW HITPOINT WARNING * * *
You hit the goblin.
You kill the goblin!
The goblin no longer looks unusually strong.
You slice the goblin!!
You kill the goblin!
The goblin no longer looks unusually strong.
Sigmund hits you from afar with a +0 scythe.
* * * LOW HITPOINT WARNING * * *
The goblin unwields a +0 dagger.
The goblin wields a +0 sling.
The goblin shoots a sling bullet.
The sling bullet barely misses you. The goblin closely misses you.
Robin roars a battlecry!
The goblins go into a battle-frenzy!
You slash the goblin!
You kill the goblin!
Sigmund hits you from afar with a +0 scythe.
* * * LOW HITPOINT WARNING * * *
You barely miss the hobgoblin. The hobgoblin barely misses you.
The gnoll hits you from afar with a +0 spear.
You die...

#..........†.......#
#....(##..#.########
......##....#
.........#..#
..####.###..###
..##...<##.!..###
.###.##....##...########
....................(...
.###.###########@)######
......# ...gggg#.#
......# ....S@g .#
......# .....gg .#
.......# ....... .#
.......# ##....# ..
######... #.##. #. {
...... #. . ....


You could see Sigmund (invisible), Robin, 3 gnolls, an adder, 2 hobgoblins and a
goblin (strong).

Vanquished Creatures
  A gnoll (D:1)
  An adder (D:2)
  2 worms (D:2)
  A dart slug (D:1)
  2 bats (D:1)
  3 endoplasms
  8 goblins
  7 hobgoblins
  A quokka (D:1)
  2 ball pythons
  6 frilled lizards
  2 kobolds
  2 rats
38 creatures vanquished.

Notes
Turn   | Place    | Note
-------+----------+-------------------------------------------
     0 | D:1      | qeuew the Formicid Fighter began the quest for the Orb.
     0 | D:1      | Reached XP level 1. HP: 18/18 MP: 1/1
   108 | D:1      | Reached XP level 2. HP: 20/24 MP: 2/2
   141 | D:1      | Found Soguen's General Store.
   568 | D:1      | Reached XP level 3. HP: 29/29 MP: 3/3
   984 | D:2      | Found a faded altar of an unknown god.
   985 | D:2      | Noticed an eye of devastation
   988 | D:2      | Noticed a shining eye
   988 | D:2      | Noticed a shining eye
   988 | D:2      | Noticed a golden eye
  1006 | D:2      | Reached skill level 1 in Dodging
  1117 | D:2      | Reached XP level 4. HP: 29/37 MP: 4/4
  1200 | D:2      | Noticed Robin
  1201 | D:2      | Noticed Sigmund
  1217 | D:2      | Slain by a gnoll

Illustrated notes

Levels and vault maps discovered:
D:1:      minmay_arrival_four_circles, layout_basic, serial_shops, shop
D:2:      layout_basic, hellmonk_ecumenical_altar_watching_god,
          kennysheep_generic_room_15, uniq_sigmund, uniq_robin

Skill      XL: |  1  2  3 |
---------------+----------+-----
Dodging        | 1 |  1.2
Fighting       | |  3.7
Axes           | |  2.5
Armour         | |  3.8
Shields        | |  4.6

Action                   |  1- 3 |  4- 6 || total
-------------------------+-------+-------++-------
Melee: War axe           |    67 |    26 ||    93
  Use: Potion            |     2 |     1 ||     3
       Scroll            |     2 |       ||     2
Armor: Scale mail        |    38 |     5 ||    43
Dodge: Dodged            |    28 |    10 ||    38
Block: Buckler           |    11 |     4 ||    15

Table legend: (Time is in decaauts)
 A = Elapsed time spent in this place.
 B = Non-inter-level travel time spent in this place.
 C = Inter-level travel time spent in this place.
 D = Time resting spent in this place.
 E = Time spent auto-exploring this place.
 F = Levels seen in this place.
 G = Mean time per level.
                   A        B        C        D        E       F      G
               +--------+--------+--------+--------+--------+-----+--------+
         Total |   1255 |   1220 |     35 |    100 |    857 |   2 |  627.5 |
       Dungeon |   1255 |   1220 |     35 |    100 |    857 |   2 |  627.5 |
               +--------+--------+--------+--------+--------+-----+--------+

Top non-repeatable levels by time:
     D:1: 996 daAuts
     D:2: 259 daAuts
